 Dungeon Crawl Stone Soup version 0.26-b1-32-g5d43845318 (webtiles) character file.

Game seed: 16339743783736914667

352 Borgoz the Slasher (level 6, -8/52 HPs)
             Began as a Ghoul Gladiator on Jan 13, 2021.
             Was an Initiate of Ashenzari.
             Killed by divine providence
             ... invoked by an orc priest
              (9 damage)
             ... on level 4 of the Dungeon.
             The game lasted 00:02:55 (3487 turns).

Borgoz the Slasher (Ghoul Gladiator)                Turns: 3487, Time: 00:02:56

Health: -8/52      AC:  4    Str: 15 (19) XL:     6   Next: 62%
Magic:  5/5        EV: 13    Int:  3      God:    Ashenzari [......]
Gold:   225        SH:  0    Dex: 11      Spells: 5/5 levels left

rFire    . . .     SeeInvis .   a - +0 long sword
rCold    + . .     Faith    .   (no shield)
rNeg     + + +     Spirit   .   b - +0 leather armour
rPois    ∞         Reflect  .   c - +0 helmet
rElec    .         Harm     .   (no cloak)
rCorr    .         Rampage  .   (no gloves)
Will     .....                  (no boots)
Stlth    +.........             (no amulet)
HPRegen  0.00/turn              (no ring)
MPRegen  0.09/turn              (no ring)

@: mighty, flying
A: claws 1, cold resistance 1, negative energy resistance 3, inhibited
regeneration, torment resistance, unbreathing
a: Renounce Religion, Curse Item


You were on level 4 of the Dungeon.
You worshipped Ashenzari.
Ashenzari was noncommittal.
You visited 2 branches of the dungeon, and saw 5 of its levels.

You collected 225 gold pieces.

Inventory:

Hand Weapons
 a - a +0 long sword (weapon)
 o - a +0 short sword of draining
 r - the +7 dagger of Sequestration {pain, Will- Int+5}
   (You found it on level 4 of the Dungeon)

   In the hands of one skilled in necromantic magic, it inflicts extra damage on
   living creatures.
   It affects your intelligence (+5).
   It affects your willpower, your defense against some magical effects.
Missiles
 d - 3 throwing nets (quivered)
Armour
 b - a +0 leather armour (worn)
 c - a +0 helmet (worn)
Wands
 q - a wand of disintegration (12)
Scrolls
 e - 4 scrolls of identify {unknown}
 f - a scroll of immolation {unknown}
 g - 3 scrolls of teleportation {unknown}
 h - a scroll of amnesia {unknown}
 i - a scroll of remove curse
 n - a scroll of fear {unknown}
 s - a scroll of fog {unknown}
Potions
 j - a potion of resistance {unknown}
 k - 2 potions of curing
 l - 4 potions of flight
 m - a potion of might


   Skills:
 + Level 3.8 Fighting
 * Level 4.6 Long Blades
 - Level 1.7 Throwing
 + Level 2.3 Armour
 + Level 3.8 Dodging


You had 5 spell levels left.
You didn't know any spells.
Your spell library was empty.

Dungeon Overview and Level Annotations

Branches:
Dungeon (4/15)             Temple (1/1) D:4

Altars:
Ashenzari
Cheibriados
Dithmenos
Elyvilon
Fedhas
Gozag
Hepliaklqana
Kikubaaqudgha
Makhleb
Nemelex Xobeh
Okawaru
Qazlal
Ru
Sif Muna
Trog
Uskayaw
Vehumet
Wu Jian
Xom
Yredelemnul
Zin

Shops:
D:4 *


Innate Abilities, Weirdness & Mutations

You thrive by killing the living.
You are immune to poison.
You have sharp fingernails.
Your flesh is cold resistant. (rC+)
You are immune to negative energy. (rN+++)
You do not regenerate when monsters are visible.
You are immune to unholy pain and torment.
You can survive without breathing.


Message History

Your body decomposes!
You feel weakened.
Your body decomposes!
You feel weakened.
Your body decomposes!
You feel weakened.
Your body decomposes!
You feel weakened. The orc priest barely misses you.
You riposte.
You closely miss the orc priest. You closely miss the orc priest.
The orc priest hits you with a +0 short sword.
* * * LOW HITPOINT WARNING * * *
You closely miss the orc priest.
The orc priest hits you but does no damage.
You closely miss the orc priest.
The orc priest hits you with a +0 short sword.
* * * LOW HITPOINT WARNING * * *
The orc priest mumbles some strange prayers to Beogh against you.
Beogh smites you!
You die...

####..### #.
..##..# #.
#.##..####.# #. ...
#.##.......# ## #..
#####.###.###### .
#.. #)........#
..##..###.###.#####
.........o###.#
........lOco@.#
..#.....#o#####
#....)..(.#
#.#.⌠.⌠S#.#
#.....o.o.#
########
#.#.....#.#
#...[...
#...._.?..#
#.######
..#.....#.# #.#
#.........#
#.######


You could see an ogre, a centaur, 2 orc priests, an orc wizard (fast) and a
frilled lizard.

Vanquished Creatures
  An ogre (D:2)
  A scorpion (D:4)
  2 hounds (D:4)
  2 worker ants
  A gnoll (D:1)
  A howler monkey skeleton (D:4)
  2 adders
  An ooze (D:3)
  3 worms (D:2)
  A dart slug (D:2)
  5 leopard geckos
  An orc (D:3)
  9 bats
  4 giant cockroaches
  A goblin (D:2)
  5 hobgoblins
  2 jackals (D:2)
  5 kobolds
  A quokka (D:3)
  A ball python (D:2)
  4 frilled lizards
  6 rats
59 creatures vanquished.

Notes
Turn   | Place    | Note
-------+----------+-------------------------------------------
     0 | D:1      | Borgoz the Ghoul Gladiator began the quest for the Orb.
     0 | D:1      | Reached XP level 1. HP: 17/17 MP: 0/0
    64 | D:1      | Reached XP level 2. HP: 23/25 MP: 1/1
   156 | D:1      | Reached skill level 3 in Long Blades
   652 | D:1      | Reached XP level 3. HP: 18/30 MP: 2/2
   932 | D:2      | Reached skill level 1 in Armour
  1134 | D:2      | Found a stormy altar of Qazlal.
  1184 | D:2      | Reached XP level 4. HP: 37/37 MP: 3/3
  1234 | D:2      | Noticed an ogre
  1244 | D:2      | Killed an ogre
  1245 | D:2      | Reached skill level 4 in Long Blades
  1245 | D:2      | Reached XP level 5. HP: 45/45 MP: 4/4
  2523 | D:4      | Found a staircase to the Ecumenical Temple.
  2536 | Temple   | Entered the Ecumenical Temple
  2777 | Temple   | Became a worshipper of Ashenzari the Shackled
  2904 | D:4      | Reached XP level 6. HP: 39/51 MP: 5/5
  3055 | D:4      | Found a shadowy altar of Dithmenos.
  3055 | D:4      | Found a stormy altar of Qazlal.
  3357 | D:4      | Found Rooblis's General Store.
  3389 | D:4      | Got the dagger of Sequestration {pain, Will- Int+5}
  3390 | D:4      | Identified the +7 dagger of Sequestration {pain, Will-
                  | Int+5} (You found it on level 4 of the Dungeon)
  3472 | D:4      | Found a white marble altar of Elyvilon.
  3487 | D:4      | HP: 1/52 [orc priest/+0 short sword (3)]
  3487 | D:4      | Killed from afar by an orc priest

Illustrated notes

Levels and vault maps discovered:
D:1:      dpeg_arrival_tiny_a, layout_loops_ring, roderic_serpentine_path,
          minmay_pentomino_x2
D:2:      layout_basic, grunt_qazlal_clouds
D:3:      layout_loops_corners, minmay_fountain_box
D:4:      minmay_diamond_boxcup, layout_loops_corners, elyvilon_altar_5,
          chequers_temple_overflow_statue_of_worship,
          minmay_temple_entry_statues, serial_shops, kennysheep_mini,
          minmay_rat_hole
Temple:   dpeg_five_rooms_temple

Skill      XL: |  1  2  3  4  5 |
---------------+----------------+-----
Long Blades    | 3 4 |  4.6
Armour         | 1 2 |  2.3
Dodging        | 3 |  3.8
Fighting       | 3 |  3.8
Throwing       | |  1.7

Action                   |  1- 3 |  4- 6 || total
-------------------------+-------+-------++-------
Melee: Long sword        |    95 |   113 ||   208
Throw: Throwing net      |       |     2 ||     2
  Use: Potion            |       |     4 ||     4
Armor: Leather armour    |    28 |    33 ||    61
Dodge: Dodged            |    65 |    87 ||   152
       Rpst.: Long sword |    24 |    28 ||    52
